 Dungeon Crawl Stone Soup version 0.29.0-4-gdea44cf6ec (webtiles) character file.

Game seed: 16353902553072572990

3255 qw the Grappler (level 9, -2/88 HPs)
             Began as a Troll Cinder Acolyte on Sept 1, 2022.
             Was an Elder of Ignis.
             Slain by Erica
             ... wielding a +1 scimitar of flaming
              (8 damage)
             ... on level 8 of the Dungeon.
             The game lasted 00:03:54 (6774 turns).

qw the Grappler (Troll Cinder Acolyte)              Turns: 6774, Time: 00:03:55

Health: -2/88      AC:  6    Str: 28    XL:     9   Next: 67%
Magic:  9/9        EV:  9    Int: 10    God:    Ignis [****..]
Gold:   294        SH:  0    Dex:  5    Spells: 10/10 levels left

rFire   + . .      SeeInvis .     - Unarmed
rCold   . . .      Faith    .   (no shield)
rNeg    . . .      Spirit   .   a - +0 robe
rPois   .          Reflect  .   m - +2 hat
rElec   .          Harm     .   (no cloak)
rCorr   .          Rampage  .   (gloves unavailable)
Will    .....                   (boots unavailable)
Stlth   +.........              l - amulet of Vitality {RegenMP++ Regen++}
HPRegen 2.64/turn               (no ring)
MPRegen 0.91/turn               (no ring)

@: lethally poisoned (-2 -> -2)
A: large, unfitting armour, claws 3, regeneration 1, shaggy fur 1, tough skin 1
a: Renounce Religion, Fiery Armour, Foxfire Swarm, Rising Flame


You were on level 8 of the Dungeon.
You worshipped Ignis.
Ignis was greatly pleased with you.
You visited 1 branch of the dungeon, and saw 8 of its levels.

You collected 334 gold pieces.
You spent 40 gold pieces at shops.


Innate Abilities, Weirdness & Mutations

You are too large for most types of armour.
You have claws for hands.
Your natural rate of healing is unusually fast.
You are covered in fur. (AC +1)
You have tough skin. (AC +1)


   Skills:
 - Level 5.0 Fighting
 - Level 3.2 Throwing
 - Level 1.0 Dodging
 + Level 12.3 Unarmed Combat
 - Level 1.0 Spellcasting
 - Level 2.1 Fire Magic


You had 10 spell levels left.
You didn't know any spells.
Your spell library contained the following spells:

 Spells                   Type           Power      Damage    Failure   Level
 Scorch                   Fire           8%         2d5       22%         2

Inventory:

Missiles
 k - a javelin
 n - 7 boomerangs (quivered)
Armour
 a - a +0 robe (worn)
 m - a +2 hat (worn)
Jewellery
 l - the amulet of Vitality (around neck) {RegenMP++ Regen++}
   (You acquired it on level 3 of the Dungeon)

   [amulet of magic regeneration]

   It increases your rate of magic regeneration.
   Regen:     It increases your rate of health regeneration.
Scrolls
 c - 2 scrolls of identify
 h - a scroll of enchant weapon
Potions
 b - a potion of might
 d - a potion of cancellation
 e - 5 potions of curing
 f - a potion of haste
 j - 3 potions of mutation

Dungeon Overview and Level Annotations

Branches:
Dungeon (8/15)             Temple (0/1) D:6
   Lair: D:8-11

Altars:
Elyvilon
Kikubaaqudgha
Makhleb
Trog
Yredelemnul
Zin

Shops:
D:2 !

Annotations:
D:6 1 runed translucent door
D:8 Erica


Message History

You mangle the hornet!!
You kill the hornet!
You feel sick.
You swing at nothing.
You feel yourself speed up.
You feel sick.
You swing at nothing.
You feel sick.
You swing at nothing.
You swing at nothing.
You feel sick.
You claw something!
You feel sick.
You are no longer poisoned.
You closely miss something. Something hits you! Something burns you.
You miss something.
You hear some strange, mumbled words.
A bolt of poison appears from out of thin air!
The bolt of poison hits you!!
You are poisoned.
You mangle something!!
You feel very sick. Something hits you. Something burns you.
You mangle something!! Your claw misses something.
You feel very sick.
You hear some strange, mumbled words.
Something tries to affect you, but you resist.
You barely miss something.
You feel sick.
You barely miss something.
You feel sick.
You hear some strange, mumbled words.
A lance of force appears from out of thin air!
The lance of force hits you!!
You are knocked back by the lance of force.
You slam into the rock wall!
You completely miss something.
You feel sick. Something hits you!
You die...

##### # # #...#
.# .. #...#
.#.. #...# ...
###...###.##...
#.......{......
+......@#
#.#####.# #.#
#.# #.# #.# #.#
#.. #.# #.. #.#
#..# #.# #..#
#.#####


There were no monsters in sight!

Vanquished Creatures
  A hornet (D:8)
  4 yaks (D:6)
  A steam dragon (D:4)
  Duvessa (D:5)
  An ice beast (D:6)
  An ogre (D:4)
  A black bear (D:7)
  A centaur (D:6)
  2 phantoms
  2 necrophages
  A gnoll sergeant (D:5)
  5 scorpions
  4 wights (D:6)
  Dowan (D:5)
  A howler monkey (D:7)
  5 orc priests
  A gnoll bouda (D:7)
  2 hounds
  2 jellies (D:6)
  6 iguanas
  3 orc wizards (D:7)
  7 adders
  18 gnolls
  3 shadow imps
  5 white imps
  An ufetubus (D:4)
  2 worms
  6 dart slugs
  25 orcs
  14 ball pythons
  7 bats
  9 endoplasms
  4 giant cockroaches
  10 goblins
  9 hobgoblins
  4 jackals (D:5)
  2 quokkas
  3 frilled lizards
  6 kobolds
  5 rats
186 creatures vanquished.

Notes
Turn   | Place    | Note
-------+----------+-------------------------------------------
     0 | D:1      | qw the Troll Cinder Acolyte began the quest for the Orb.
     0 | D:1      | Reached XP level 1. HP: 22/22 MP: 1/1
     0 | D:1      | 0 ||| qw: Version: 0.1-a-97-g2dd2ca4
     0 | D:1      | 0 ||| qw: Game counter: 4794
     0 | D:1      | 0 ||| qw: Always use a shield: true
     0 | D:1      | 0 ||| qw: God list: Okawaru
     0 | D:1      | 0 ||| qw: Allow faded altars: false
     0 | D:1      | 0 ||| qw: Do Orc after D:15 true
     0 | D:1      | 0 ||| qw: Do second Lair branch before Depths: true
     0 | D:1      | 0 ||| qw: Lair rune preference: random
     0 | D:1      | 0 ||| qw: Plans: Normal
     0 | D:1      | 0 ||| PLANNING D:1-11
   136 | D:1      | Reached XP level 2. HP: 29/29 MP: 2/2
   141 | D:1      | 141 ||| Stepping ~*~*~tactically~*~*~ (stealth).
   147 | D:1      | 147 ||| Stepping ~*~*~tactically~*~*~ (stealth).
   299 | D:1      | Reached skill level 4 in Unarmed Combat
   480 | D:1      | Reached XP level 3. HP: 29/36 MP: 3/3
   936 | D:1      | 936 ||| DROPPING ring of wizardry.
   937 | D:1      | 937 ||| READING 2 scrolls labelled BUGIER RESAKU.
   938 | D:1      | 938 ||| READING scroll labelled WONOYTT ZUAW.
   939 | D:1      | 939 ||| READING scroll labelled QUELADGH TOTONN.
   940 | D:1      | 940 ||| READING 2 scrolls labelled FAFEMO INKUR.
   941 | D:1      | 941 ||| READING 2 scrolls labelled PYPOWO NAPT.
   942 | D:1      | 942 ||| READING scroll labelled NITHRA TUROEW.
   943 | D:1      | 943 ||| READING scroll labelled VOJAOMUDDU.
   946 | D:1      | 946 ||| DROPPING scroll of magic mapping.
   947 | D:1      | 947 ||| DROPPING scroll of noise.
  1039 | D:2      | 1039 ||| READING 2 scrolls of identify.
  1039 | D:2      | 1039 ||| IDENTIFYING brown potion
  1040 | D:2      | 1040 ||| Stepping randomly (stuck).
  1041 | D:2      | 1041 ||| Stepping randomly (stuck).
  1079 | D:2      | 1079 ||| Stepping ~*~*~tactically~*~*~ (hiding).
  1225 | D:2      | 1225 ||| Stepping ~*~*~tactically~*~*~ (hiding).
  1236 | D:2      | Reached XP level 4. HP: 44/44 MP: 4/4
  1357 | D:2      | Reached skill level 5 in Unarmed Combat
  1387 | D:2      | Found a faded altar of an unknown god.
  1431 | D:2      | 1431 ||| INVOKING Fiery Armour.
  1433 | D:2      | 1433 ||| Stepping ~*~*~tactically~*~*~ (stealth).
  1434 | D:2      | 1434 ||| Stepping ~*~*~tactically~*~*~ (stealth).
  1435 | D:2      | 1435 ||| Stepping ~*~*~tactically~*~*~ (stealth).
  1437 | D:2      | 1437 ||| Stepping ~*~*~tactically~*~*~ (outnumbered).
  1438 | D:2      | 1438 ||| Stepping ~*~*~tactically~*~*~ (outnumbered).
  1439 | D:2      | 1439 ||| Stepping ~*~*~tactically~*~*~ (outnumbered).
  1440 | D:2      | 1440 ||| Stepping ~*~*~tactically~*~*~ (outnumbered).
  1444 | D:2      | 1444 ||| FLEEEEING.
  1445 | D:2      | 1445 ||| FLEEEEING.
  1446 | D:2      | 1446 ||| FLEEEEING.
  1447 | D:2      | 1447 ||| FLEEEEING.
  1448 | D:2      | 1448 ||| FLEEEEING.
  1449 | D:2      | 1449 ||| FLEEEEING.
  1450 | D:2      | 1450 ||| FLEEEEING.
  1451 | D:2      | 1451 ||| FLEEEEING.
  1452 | D:2      | 1452 ||| FLEEEEING.
  1453 | D:2      | 1453 ||| FLEEEEING.
  1454 | D:2      | 1454 ||| FLEEEEING.
  1455 | D:2      | 1455 ||| FLEEEEING.
  1456 | D:2      | 1456 ||| FLEEEEING.
  1457 | D:2      | 1457 ||| FLEEEEING.
  1458 | D:2      | 1458 ||| FLEEEEING.
  1459 | D:2      | 1459 ||| FLEEEEING.
  1460 | D:2      | 1460 ||| STAIRDANCE
  1475 | D:1      | 1475 ||| READING scroll labelled KAM BURISU.
  1476 | D:1      | 1476 ||| DRINKING 2 golden potions.
  1581 | D:1      | 1581 ||| READING 2 scrolls of identify.
  1581 | D:1      | 1581 ||| IDENTIFYING clear potion
  1582 | D:1      | 1582 ||| DROPPING potion of berserk rage.
  1606 | D:2      | 1606 ||| Stepping ~*~*~tactically~*~*~ (stealth).
  1685 | D:2      | Found Caunkaty's Distillery.
  1694 | D:2      | 1694 ||| SHOPLISTING 2 potions of curing (60 gold, have
                  | 49).
  1694 | D:2      | 1694 ||| SHOPLISTING potion of haste (100 gold, have 49).
  1694 | D:2      | 1694 ||| SHOPLISTING potion of heal wounds (50 gold, have
                  | 49).
  1694 | D:2      | 1694 ||| BUYING potion of might (40 gold).
  1694 | D:2      | Bought a potion of might for 40 gold pieces
  1694 | D:2      | 1694 ||| SHOPLISTING potion of might (40 gold, have 9).
  1694 | D:2      | 1694 ||| SHOPLISTING potion of mutation (80 gold, have 9).
  1894 | D:3      | 1894 ||| STAIRDANCE
  2042 | D:3      | Reached XP level 5. HP: 50/50 MP: 5/5
  2090 | D:3      | 2090 ||| Stepping ~*~*~tactically~*~*~ (outnumbered).
  2102 | D:3      | 2102 ||| INVOKING Fiery Armour.
  2104 | D:3      | Reached skill level 6 in Unarmed Combat
  2180 | D:3      | 2180 ||| Stepping ~*~*~tactically~*~*~ (hiding).
  2196 | D:3      | 2196 ||| Stepping ~*~*~tactically~*~*~ (hiding).
  2203 | D:3      | 2203 ||| Stepping ~*~*~tactically~*~*~ (stealth).
  2576 | D:3      | 2576 ||| Stepping ~*~*~tactically~*~*~ (stealth).
  2846 | D:3      | 2846 ||| READING 3 scrolls labelled AGOMIQ CAWU.
  2846 | D:3      | Identified 3 scrolls of acquirement
  2846 | D:3      | 2846 ||| ACQUIRING amulet of the acrobat
  2846 | D:3      | Acquired an amulet of the acrobat
  2848 | D:3      | 2848 ||| UPGRADING to amulet of the acrobat.
  2853 | D:3      | 2853 ||| READING 2 scrolls of acquirement.
  2853 | D:3      | 2853 ||| ACQUIRING amulet of Vitality {RegenMP++ Regen++}
  2853 | D:3      | Acquired the amulet of Vitality {RegenMP++ Regen++}
  2853 | D:3      | Found the amulet of Vitality {RegenMP++ Regen++}
  2855 | D:3      | 2855 ||| UPGRADING to amulet of Vitality {RegenMP++
                  | Regen++}.
  2865 | D:3      | 2865 ||| READING scroll of acquirement.
  2865 | D:3      | 2865 ||| ACQUIRING +2 hat
  2865 | D:3      | Acquired a +2 hat
  2867 | D:3      | 2867 ||| UPGRADING to +2 hat.
  2872 | D:3      | 2872 ||| DROPPING amulet of the acrobat.
  2873 | D:3      | 2873 ||| DRINKING 2 ruby potions.
  2874 | D:3      | 2874 ||| READING 2 scrolls of identify.
  2874 | D:3      | 2874 ||| IDENTIFYING fizzy brown potion
  2875 | D:3      | 2875 ||| DROPPING potion of lignification.
  2876 | D:3      | 2876 ||| DROPPING potion of degeneration.
  3010 | D:4      | Noticed a phantom
  3028 | D:4      | Killed a phantom
  3029 | D:4      | Reached skill level 7 in Unarmed Combat
  3029 | D:4      | Reached XP level 6. HP: 59/59 MP: 6/6
  3117 | D:4      | Noticed a steam dragon
  3128 | D:4      | Killed a steam dragon
  3129 | D:4      | Reached skill level 8 in Unarmed Combat
  3129 | D:4      | Reached XP level 7. HP: 54/66 MP: 7/7
  3187 | D:4      | 3187 ||| Stepping ~*~*~tactically~*~*~ (stealth).
  3228 | D:4      | 3228 ||| Stepping ~*~*~tactically~*~*~ (stealth).
  3233 | D:4      | Reached skill level 3 in Fighting
  3301 | D:4      | 3301 ||| Stepping ~*~*~tactically~*~*~ (stealth).
  3401 | D:4      | 3401 ||| READING scroll labelled LIN TUSCHABU.
  3502 | D:4      | 3502 ||| READING 3 scrolls of identify.
  3502 | D:4      | 3502 ||| IDENTIFYING silvery potion
  3503 | D:4      | 3503 ||| READING 2 scrolls of identify.
  3503 | D:4      | 3503 ||| IDENTIFYING pink potion
  3504 | D:4      | 3504 ||| DROPPING potion of attraction.
  3510 | D:5      | Entered Level 5 of the Dungeon
  3661 | D:5      | 3661 ||| Stepping ~*~*~tactically~*~*~ (stealth).
  3675 | D:5      | Noticed Dowan
  3678 | D:5      | Noticed Duvessa
  3679 | D:5      | 3679 ||| INVOKING Fiery Armour.
  3682 | D:5      | 3682 ||| Stepping ~*~*~tactically~*~*~ (outnumbered).
  3684 | D:5      | 3684 ||| Stepping ~*~*~tactically~*~*~ (outnumbered).
  3687 | D:5      | Killed Dowan
  3689 | D:5      | 3689 ||| Stepping ~*~*~tactically~*~*~ (outnumbered).
  3691 | D:5      | Killed Duvessa
  3692 | D:5      | Reached skill level 9 in Unarmed Combat
  3710 | D:5      | Reached skill level 1 in Dodging
  3716 | D:5      | Reached XP level 8. HP: 74/75 MP: 8/8
  3718 | D:5      | 3718 ||| Stepping ~*~*~tactically~*~*~ (outnumbered).
  3722 | D:5      | 3722 ||| Stepping ~*~*~tactically~*~*~ (outnumbered).
  3724 | D:5      | 3724 ||| Stepping ~*~*~tactically~*~*~ (outnumbered).
  3902 | D:5      | Reached skill level 10 in Unarmed Combat
  4262 | D:5      | Reached skill level 1 in Throwing
  4310 | D:5      | 4310 ||| READING scroll labelled HUMEOCR TOURUHO.
  4311 | D:5      | 4311 ||| READING 2 scrolls of identify.
  4311 | D:5      | 4311 ||| IDENTIFYING cyan potion
  4312 | D:5      | 4312 ||| DROPPING potion of brilliance.
  4406 | D:5      | 4406 ||| READING scroll of teleportation.
  4407 | D:5      | 4407 ||| STAIRDANCE
  4465 | D:5      | 4465 ||| Stepping randomly (stuck).
  4479 | D:6      | 4479 ||| PLANNING OSSUARY
  4511 | D:6      | Found a glowing silver altar of Zin.
  4535 | D:6      | 4535 ||| Stepping ~*~*~tactically~*~*~ (stealth).
  4575 | D:6      | 4575 ||| Stepping ~*~*~tactically~*~*~ (hiding).
  4720 | D:6      | Reached skill level 11 in Unarmed Combat
  4720 | D:6      | Reached XP level 9. HP: 67/84 MP: 9/9
  4765 | D:6      | Found a bloodstained altar of Trog.
  4774 | D:6      | Found a burning altar of Makhleb.
  4775 | D:6      | Found a basalt altar of Yredelemnul.
  4775 | D:6      | Found a white marble altar of Elyvilon.
  4777 | D:6      | Found an ancient bone altar of Kikubaaqudgha.
  4796 | D:6      | Found a runed translucent door.
  4817 | D:6      | 4817 ||| Stepping ~*~*~tactically~*~*~ (stealth).
  4900 | D:6      | 4900 ||| Stepping ~*~*~tactically~*~*~ (hiding).
  5063 | D:6      | 5063 ||| Stepping ~*~*~tactically~*~*~ (stealth).
  5065 | D:6      | 5065 ||| Stepping ~*~*~tactically~*~*~ (hiding).
  5077 | D:6      | 5077 ||| Stepping ~*~*~tactically~*~*~ (hiding).
  5084 | D:6      | Reached skill level 3 in Throwing
  5115 | D:6      | 5115 ||| RIP OSSUARY
  5186 | D:6      | 5186 ||| PLANNING D:1-11
  5194 | D:6      | Found a staircase to the Ecumenical Temple.
  5242 | D:6      | 5242 ||| Stepping ~*~*~tactically~*~*~ (hiding).
  5257 | D:6      | 5257 ||| FLEEEEING.
  5282 | D:6      | 5282 ||| Stepping ~*~*~tactically~*~*~ (hiding).
  5283 | D:6      | 5283 ||| Stepping ~*~*~tactically~*~*~ (hiding).
  5391 | D:6      | 5391 ||| Stepping ~*~*~tactically~*~*~ (hiding).
  5393 | D:6      | 5393 ||| Stepping ~*~*~tactically~*~*~ (hiding).
  5852 | D:6      | 5852 ||| Stepping randomly (stuck).
  5883 | D:7      | 5883 ||| DRINKING 3 potions of curing.
  5883 | D:7      | 5883 ||| (to cure confusion)
  6002 | D:7      | 6002 ||| Stepping ~*~*~tactically~*~*~ (stealth).
  6192 | D:7      | Reached skill level 12 in Unarmed Combat
  6451 | D:7      | 6451 ||| Stepping ~*~*~tactically~*~*~ (hiding).
  6453 | D:7      | 6453 ||| INVOKING Fiery Armour.
  6455 | D:7      | 6455 ||| Stepping ~*~*~tactically~*~*~ (outnumbered).
  6459 | D:7      | 6459 ||| Stepping ~*~*~tactically~*~*~ (outnumbered).
  6465 | D:7      | 6465 ||| Stepping ~*~*~tactically~*~*~ (outnumbered).
  6714 | D:7      | 6714 ||| READING 3 scrolls of identify.
  6714 | D:7      | 6714 ||| IDENTIFYING metallic yellow potion
  6755 | D:8      | Noticed Erica
  6756 | D:8      | 6756 ||| DRINKING 6 potions of curing.
  6756 | D:8      | 6756 ||| (to cure confusion)
  6758 | D:8      | Paralysed by a hornet for 1 turns
  6773 | D:8      | HP: 19/88 [something/lance of force (18)]
  6773 | D:8      | HP: 5/88 [something (14)]
  6774 | D:8      | Slain by Erica

Levels and vault maps discovered:
D:1:      zaba_arrival_water, layout_basic, chequers_serial_rivers_large_b,
          minmay_misc_feat_encased, corexii_item_surrounded_by_moat,
          corner_web_ring
D:2:      layout_rooms, shapermc_ecumenical_altar_starsandcircs, serial_shops,
          nicolae_diamond_shop, hangedman_feature_mirror, reono_crystal_passage
D:3:      layout_loops_corners
D:4:      layout_basic, minmay_misc_feat_four_crosses
D:5:      layout_loops_ring, grunt_ministairs_5, minmay_misc_feat_x,
          uniq_duvessa
D:6:      layout_loops_ring, zin_treasury, minitemple,
          minmay_temple_entry_mini_moons, enter_ossuary_5,
          chequers_serial_rivers_micro_d, lightli_church_of_beogh
D:7:      layout_gridville
D:8:      layout_basic, uniq_pikel, uniq_grum, uniq_amaemon, uniq_erica

Skill      XL: |  1  2  3  4  5  6  7  8  9 |
---------------+----------------------------+-----
Unarmed Combat | 4 5 7 8 9 11 12 | 12.3
Fighting       | 3 4 5 |  5.0
Dodging        | 1 |  1.0
Throwing       | 2 3 |  3.2
Spellcasting   | |  1.0
Fire Magic     | |  2.1

Action                   |  1- 3 |  4- 6 |  7- 9 || total
-------------------------+-------+-------+-------++-------
Melee: Unarmed           |   105 |   152 |   247 ||   504
       Punch             |     1 |     4 |    11 ||    16
Throw: Javelin           |       |       |    23 ||    23
       Boomerang         |       |       |    12 ||    12
Invok: Fiery Armour      |       |     2 |     2 ||     4
  Use: Scroll            |     8 |     6 |     7 ||    21
       Potion            |       |     2 |     2 ||     4
Armor: Robe              |    24 |    53 |    63 ||   140
Dodge: Dodged            |    35 |    63 |    76 ||   174

Table legend:
 A = Non-vault XP
 B = Vault XP
 C = Vault XP percentage of total XP
 D = Non-vault monster count
 E = Vault monster count
 F = Vault count percentage of total count
                 A         B        C        D         E       F
            +---------+---------+-------+---------+---------+-------
      Total |    4432 |     218 |   4.7 |     182 |       4 |   2.2
            +---------+---------+-------+---------+---------+-------
        D:1 |      66 |       0 |   0.0 |      28 |       0 |   0.0
        D:2 |     102 |       4 |   3.8 |      24 |       2 |   7.7
        D:3 |     184 |       0 |   0.0 |      31 |       0 |   0.0
        D:4 |     676 |       0 |   0.0 |      21 |       0 |   0.0
        D:5 |     581 |     214 |  26.9 |      23 |       2 |   8.0
        D:6 |    1827 |       0 |   0.0 |      32 |       0 |   0.0
        D:7 |     708 |       0 |   0.0 |      22 |       0 |   0.0
        D:8 |     288 |       0 |   0.0 |       1 |       0 |   0.0
            +---------+---------+-------+---------+---------+-------
